 Dungeon Crawl Stone Soup version 0.30-a0-187-gd9c2deaf24 (webtiles) character file.

Game seed: 2217944810905783586

137 lunkers the Cudgeller (level 5, 0/41 HPs)
             Began as a Meteoran Reaver on Oct 4, 2022.
             Was a Follower of Fedhas.
             Slain by a hobgoblin (3 damage)
             ... led by Robin
             ... on level 3 of the Dungeon.
             The game lasted 00:02:58 (1001 turns).

lunkers the Cudgeller (Meteoran Reaver)             Turns: 1001, Time: 00:02:58

Health: 0/41       AC:  4    Str: 16    XL:     5   Next: 72%
Magic:  8/10       EV: 12    Int: 14    God:    Fedhas [*.....]
Gold:   117        SH:  0    Dex: 12    Spells: 6/9 levels left

rFire   . . .      SeeInvis .    a - +0 mace
rCold   . . .      Faith    .    (no shield)
rNeg    . . .      Spirit   .    b - +0 leather armour
rPois   .          Reflect  .    (no helmet)
rElec   .          Harm     .    (no cloak)
rCorr   .          Rampage  .    (no gloves)
Will    .....                    e - +0 pair of boots
Stlth   +.........               (no amulet)
HPRegen 0.26/turn                (no ring)
MPRegen 0.12/turn                (no ring)

@: very slightly contaminated, glowing
A: sense surroundings 1, otherworldly, glowing, explore regen
a: Renounce Religion


You were on level 3 of the Dungeon.
You worshipped Fedhas.
Fedhas was aware of your devotion.
You visited 1 branch of the dungeon, and saw 3 of its levels.

You collected 117 gold pieces.

Inventory:

Hand Weapons
 a - a +0 mace (weapon)
Armour
 b - a +0 leather armour (worn)
 e - a +0 pair of boots (worn)
 i - a +0 ring mail
Scrolls
 d - 3 scrolls of teleportation {unknown}
 f - a scroll of brand weapon {unknown}
 k - 2 scrolls of poison {unknown}
 m - a scroll of magic mapping {unknown}
 o - a scroll of identify {unknown}
 p - a scroll of enchant weapon {unknown}
Potions
 c - a potion of brilliance {unknown}
 g - a potion of resistance {unknown}
 h - a potion of curing {unknown}
 j - a potion of heal wounds {unknown}
 l - a potion of mutation {unknown}
 n - a potion of attraction {unknown}


   Skills:
 - Level 2.1 Fighting
 * Level 7.6 Maces & Flails
 - Level 2.4 Dodging
 - Level 2.6 Spellcasting
 - Level 3.6 Conjurations


You had 6 spell levels left.
You knew the following spells:

 Your Spells              Type           Power      Damage    Failure   Level
b - Momentum Strike       Conj/Tloc      12%        3d8       21%         2
p - Kiss of Death         Conj/Necr      24%        2d7       13%         1

Your spell library contained the following spells:

 Spells                   Type           Power      Damage    Failure   Level
 Hailstorm                Conj/Ice       6%         3d4       36%         3


Dungeon Overview and Level Annotations

Branches:
Dungeon (3/15) Zot: 785

Altars:
Fedhas

Annotations:
D:3 Robin


Innate Abilities, Weirdness & Mutations

You passively map a small area around you.
You are easily found by Zot.
You glow in the dark.
You regain HP and MP as you explore.


Message History

You hit the goblin.
The goblin is heavily wounded.
The goblin no longer looks unusually strong.
The hobgoblin hits you.
* * * LOW HITPOINT WARNING * * *
The goblin hits you but does no damage.
You hit the goblin.
You kill the goblin!
Fedhas appreciates your contribution to the ecosystem.
The hobgoblin misses you.
Unknown command.
You closely miss the goblin.
The hobgoblin no longer looks unusually strong.
The hobgoblin hits you but does no damage.
The goblin hits you with a +0 dagger.
* * * LOW HITPOINT WARNING * * *
Unknown command.
You barely miss the goblin. The hobgoblin barely misses you.
The goblin hits you but does no damage.
Unknown command.
Casting: Momentum Strike (safe; 21% risk of failure)
Confirm with . or Enter, or press ? or * to list all spells.
Aiming: Momentum Strike (safe; 21% risk of failure)
Press: ? - help, Dir - move target, f - Robin
Aim: Robin, wielding a +0 short sword, wearing a +0 animal skin and wearing a +2 helmet of see invisible (fast, 77% to hit)
You miscast Momentum Strike.
You are very lightly contaminated with residual magic.
Nothing appears to happen.
The hobgoblin hits you but does no damage.
The goblin hits you with a +0 dagger.
* * * LOW HITPOINT WARNING * * *
Robin roars a battlecry!
The hobgoblin goes into a battle-frenzy!
You hear a shout!
You hit the goblin.
You kill the goblin!
Fedhas appreciates your contribution to the ecosystem.
The hobgoblin hits you.
You die...
Fedhas appreciates your contribution to the ecosystem.

######### *** ######
#........ , ,*
.....###.#######
####...........#####.##
######†.......))@ggS..#
.......#.#####)#####..#
########.# #.#* , #.#
..., #.#* .#.#. * * *
#..,....... , ##### #.#
##* ,* * ... *


You could see Robin (fast), an adder and a hobgoblin (strong).

Vanquished Creatures
  A bullfrog (D:3)
  3 adders
  2 dart slugs (D:3)
  6 ball pythons
  3 endoplasms
  A giant cockroach (D:2)
  10 goblins
  4 hobgoblins
  2 quokkas
  5 bats
  3 rats
40 creatures vanquished.

Vanquished Creatures (others)
  An adder (D:2)
  A worm (D:2)
  2 endoplasms
  A giant cockroach (D:2)
  A ball python (D:3)
6 creatures vanquished.

Grand Total: 46 creatures vanquished

Notes
Turn   | Place    | Note
-------+----------+-------------------------------------------
     0 | D:1      | lunkers the Meteoran Reaver began the quest for the Orb.
     0 | D:1      | Reached XP level 1. HP: 17/17 MP: 5/5
    85 | D:1      | Reached XP level 2. HP: 15/24 MP: 6/6
    88 | D:1      | Learned a level 2 spell: Momentum Strike
   176 | D:2      | Found a faded altar of an unknown god.
   197 | D:2      | Reached skill level 5 in Maces & Flails
   197 | D:2      | Reached XP level 3. HP: 26/29 MP: 5/8
   760 | D:2      | Prayed at the altar of an unknown god.
   760 | D:2      | Became a worshipper of Fedhas Madash
   760 | D:2      | Reached * piety under Fedhas
   853 | D:3      | Reached XP level 4. HP: 31/36 MP: 9/9
   854 | D:3      | Noticed a bullfrog
   864 | D:3      | Killed a bullfrog
   865 | D:3      | Reached skill level 7 in Maces & Flails
   865 | D:3      | Reached XP level 5. HP: 19/41 MP: 10/10
   979 | D:3      | Noticed Robin
  1001 | D:3      | Slain by a hobgoblin

Illustrated notes

Levels and vault maps discovered:
D:1:      enne_arrival_octagon_isle, layout_basic, minivault_4
D:2:      layout_rooms, nicolae_ecumenical_oubliette, minmay_goblin_kobold_house
D:3:      layout_loops_ring, lemuel_zombie_altar_yredelemnul,
          nicolae_ru_great_annihilating_truth, uniq_robin

Skill      XL: |  1  2  3  4 |
---------------+-------------+-----
Maces & Flails | 5 7 |  7.6
Fighting       | |  2.1
Dodging        | |  2.4
Spellcasting   | |  2.6
Conjurations   | |  3.6

Action                   |  1- 3 |  4- 6 || total
-------------------------+-------+-------++-------
Melee: Mace              |    63 |    38 ||   101
       Punch             |     1 |       ||     1
 Cast: Momentum Strike   |     7 |       ||     7
Armor: Leather armour    |    28 |    23 ||    51
Dodge: Dodged            |    44 |    19 ||    63

Table legend: (Time is in decaauts)
 A = Elapsed time spent in this place.
 B = Non-inter-level travel time spent in this place.
 C = Inter-level travel time spent in this place.
 D = Time resting spent in this place.
 E = Time spent auto-exploring this place.
 F = Levels seen in this place.
 G = Mean time per level.
                   A        B        C        D        E       F      G
               +--------+--------+--------+--------+--------+-----+--------+
         Total |   1013 |    977 |     36 |      0 |    601 |   3 |  337.7 |
       Dungeon |   1013 |    977 |     36 |      0 |    601 |   3 |  337.7 |
               +--------+--------+--------+--------+--------+-----+--------+

Top non-repeatable levels by time:
     D:1: 643 daAuts
     D:3: 195 daAuts
     D:2: 174 daAuts
